 Dungeon Crawl Stone Soup version 0.23-b1 (webtiles) character file.

7567 Fuzzwah the Cleaver (level 10, 0/75 HPs)
             Began as a Minotaur Berserker on Jan 27, 2019.
             Was a High Priest of Trog.
             Slain by a demonic crawler (6 damage)
             ... on level 1 of the Abyss on Jan 29, 2019.
             The game lasted 00:41:01 (7931 turns).

Fuzzwah the Cleaver (Minotaur Berserker)            Turns: 7931, Time: 00:41:02

Health: 0/75       AC: 15    Str: 22 (23) XL:     10   Next: 97%
Magic:  10/10      EV: 10    Int:  3 (4)  God:    Trog [*****.]
Gold:   126        SH:  4    Dex:  9 (12) Spells: 9/9 levels left

rFire    . . .     SeeInvis .   C - +2 battleaxe (flame)
rCold    . . .     Gourm    .   (shield currently unavailable)
rNeg     . . .     Faith    .   y - +0 plate armour
rPois    .         Spirit   .   (helmet restricted)
rElec    .         Reflect  +   b - scarf {cloud immunity}
rCorr    .         Harm     .   (no gloves)
MR       .....     Rnd*Tele +   s - +1 pair of boots
Stlth    ..........             a - +4 amulet of reflection
HPRegen  0.22/turn              n - +4 ring of protection
MPRegen  0.12/turn              o - ring of stealth {Stlth+}

@: berserk cooldown, slowed, studying Fighting, very slow
A: retaliatory headbutt, horns 2, thin skeletal structure 1, [blurry vision 2],
clumsy 1, [deformed body], [frail 2], high mp 1, sense surroundings 1,
[teleportitis 2], evolution 1, MP-powered wands
a: Berserk, Trog's Hand, Brothers in Arms, Renounce Religion


You were on level 1 of the Abyss.
You worshipped Trog.
Trog was extremely pleased with you.
You were near starving.

You visited 1 branch of the dungeon, and saw 8 of its levels.
You visited the Abyss 1 time.
You also visited: Sewer and Bailey.

You collected 457 gold pieces.
You spent 331 gold pieces at shops.

Inventory:

Hand Weapons
 l - a +3 antimagic war axe
   (Trog gifted it to you in a bailey)
 C - a +2 battleaxe of flaming (weapon)
   (You bought it in a shop on level 4 of the Dungeon)
Armour
 b - a scarf of cloud immunity (worn)
   (You found it on level 1 of the Dungeon)
 s - a +1 pair of boots (worn)
   (You found it on level 4 of the Dungeon)
 y - a +0 plate armour (worn)
   (You took it off an orc warrior on level 6 of the Dungeon)
Jewellery
 a - a +4 amulet of reflection (around neck)
   (You found it on level 7 of the Dungeon)
 h - an uncursed ring of protection from fire {rF+, !d}
   (You found it on level 1 of the Dungeon)
 j - an uncursed ring of protection from fire {rF+, !d}
   (You found it on level 3 of the Dungeon)
 k - an uncursed ring of fire {rF+, rC-}
   (You found it on level 2 of the Dungeon)
 n - a +4 ring of protection (left hand)
   (You found it on level 3 of the Dungeon)
 o - a ring of stealth (right hand) {Stlth+}
   (You found it on level 3 of the Dungeon)
 p - an uncursed ring of teleportation {+/*tele, !d}
   (You found it on level 4 of the Dungeon)
Scrolls
 d - a scroll of magic mapping {!r}
 q - a scroll of enchant weapon
 r - 4 scrolls of teleportation
 t - 5 scrolls of fear
 u - 2 scrolls of identify {@r1}
 w - 2 scrolls of blinking {!r}
 A - a scroll of fog
Potions
 e - 6 potions of curing
 f - a potion of haste
 m - a potion of agility
 v - 4 potions of magic
Books
 i - a manual of Fighting {!d}
   (You found it in a bailey)
Comestibles
 c - 10 rations


   Skills:
 + Level 10.9 Fighting
 * Level 12.9 Axes
 + Level 9.4 Armour
 + Level 8.6 Dodging


You had 9 spell levels left.
You didn't know any spells.
Your spell library was empty.

Dungeon Overview and Level Annotations

Branches:
Dungeon (8/15)             Temple (0/1) D:7
   Lair: D:8-11

Altars:
Dithmenos
Elyvilon
Fedhas
Hepliaklqana
Makhleb
Zin

Shops:
D:4 (

Annotations:
D:8 Psyche


Innate Abilities, Weirdness & Mutations

You reflexively headbutt those who attack you in melee.
You have a pair of horns on your head.
You have a somewhat thin skeletal structure. (Dex +2, Stealth)
You are clumsy. (Dex -2)
You have an increased reservoir of magic. (+10% MP)
You passively map a small area around you.
You evolve.
You expend magic power (3 MP) to strengthen your wands.
[Scrolls take you longer to read.]
[Armour fits poorly on your strangely shaped body.]
[You are very frail. (-20% HP)]
[You are sometimes teleported next to monsters.]


Message History

You slice the black mamba skeleton!! You burn the black mamba skeleton.
You headbutt the black mamba skeleton! The black mamba skeleton bites you.
* * * LOW HITPOINT WARNING * * *
You take 5 damage, and have 28/139 hp.
You slice the black mamba skeleton!! You burn the black mamba skeleton.
You destroy the black mamba skeleton!
Trog accepts your kill.
You slice the wretched star!! You burn the wretched star.
You slice the wretched star!! You burn the wretched star.
The wretched star pulses with an eldritch light!
Your body twists and deforms.
You feel frail. x2
You closely miss the wretched star. Your headbutt misses the wretched star.
You hit the wretched star but do no damage.
The wretched star pulses with an eldritch light!
You feel weirdly uncertain.
You feel even more weirdly uncertain. x2
You closely miss the wretched star. You slice the wretched star!!
You burn the wretched star.
You feel the power of Trog in you as your rage grows.
You destroy the wretched star!
Trog accepts your kill.
You cut the raiju into ribbons!!! You burn the raiju!
You kill the raiju!
Trog accepts your kill.
You hit the wretched star but do no damage.
You headbutt the wretched star! You barely miss the wretched star.
You slash the wretched star! You burn the wretched star.
Your headbutt misses the wretched star.
You hit the wretched star but do no damage.
You headbutt the wretched star! You slice the wretched star!!
You burn the wretched star.
You destroy the wretched star!
Trog accepts your kill.
You feel the corruption within you wane somewhat.
You feel agile.
You feel stable.
You are no longer berserk.
You are exhausted.
You feel yourself slow down.
You now have 20/75 hp.
You slash the demonic crawler! You burn the demonic crawler.
You headbutt the demonic crawler, but do no damage.
The demonic crawler hits you but does no damage. x3
The demonic crawler hits you.
* * * LOW HITPOINT WARNING * * *
The demonic crawler barely misses you.
The demonic crawler hits you but does no damage.
You slice the demonic crawler!! You burn the demonic crawler.
You headbutt the demonic crawler.
You start resting.
The demonic crawler is too close now for your liking.
You regained 4 hp, and now have 24/75 hp.
Your plate armour prevents you from hitting the demonic crawler.
The demonic crawler hits you but does no damage.
The demonic crawler closely misses you. The demonic crawler hits you.
* * * LOW HITPOINT WARNING * * *
The demonic crawler misses you. The demonic crawler closely misses you.
You block the demonic crawler's attack.
You take 4 damage, and have 20/75 hp.
You slash the demonic crawler! You burn the demonic crawler.
You block the demonic crawler's attack. x2
The demonic crawler closely misses you.
The demonic crawler hits you but does no damage. x2
The demonic crawler closely misses you.
You hit the demonic crawler but do no damage.
The demonic crawler barely misses you. You block the demonic crawler's attack.
The demonic crawler barely misses you. The demonic crawler hits you.
* * * LOW HITPOINT WARNING * * *
The demonic crawler barely misses you. The demonic crawler hits you!
* * * LOW HITPOINT WARNING * * *
You take 10 damage, and have 10/75 hp.
You hit the demonic crawler but do no damage.
You headbutt the demonic crawler, but do no damage.
The demonic crawler hits you but does no damage. x2
The demonic crawler barely misses you. x3
The demonic crawler hits you but does no damage.
You closely miss the demonic crawler. You headbutt the demonic crawler.
The demonic crawler hits you.
* * * LOW HITPOINT WARNING * * *
The demonic crawler closely misses you. The demonic crawler barely misses you.
The demonic crawler hits you.
* * * LOW HITPOINT WARNING * * *
The demonic crawler misses you. The demonic crawler closely misses you.
The demonic crawler barely misses you. x3
You take 2 damage, and have 8/75 hp.
It was a potion of degeneration.
There was something very wrong with that liquid.
You feel weakened.
You feel dopey.
You feel clumsy. The demonic crawler barely misses you.
The demonic crawler hits you.
* * * LOW HITPOINT WARNING * * *
The demonic crawler hits you but does no damage. x2
The demonic crawler barely misses you.
The demonic crawler hits you but does no damage.
You feel better. The demonic crawler barely misses you.
The demonic crawler hits you but does no damage.
The demonic crawler hits you!
* * * LOW HITPOINT WARNING * * *
The demonic crawler hits you.
You die...

x. . ..
...... .
..x. x
....#. .
.# # ... .
#. .# . .
.. .# # .
... . #..
# .. #.#
#### 55..
.. #@# h .
.. .#. .
#.s####Z.
..#.###
≈≈≈.. .# #
.. ..#
.≈≈≈≈.####
# # . #
#.≈≈≈. ..
# ..≈≈≈# .
# ..≈≈♣ .
# ..≈≈ #.


You could see a demonic crawler.

Vanquished Creatures
  Harold (D:8)
  2 wretched stars (Abyss:1)
  Pikel (D:5)
  Joseph (D:7)
  A hippogriff (D:6)
  A raiju (Abyss:1)
  Prince Ribbit (D:5)
  A black mamba skeleton (Abyss:1)
  A hungry ghost (D:7)
  Menkaure (D:5)
  Duvessa (D:7)
  9 orc warriors
  A slave (D:5)
  A black bear (D:8)
  A porcupine (D:8)
  2 phantoms
  A centaur (D:8)
  6 ogres
  4 big kobolds
  A small abomination (Abyss:1)
  7 bullfrogs
  Dowan (D:7)
  2 scorpions
  A howler monkey (D:5)
  4 crimson imps
  3 jellies
  2 hounds
  3 orc priests
  3 bullfrog skeletons
  6 worker ants
  2 iguanas
  8 orc wizards
  2 hound skeletons
  A worker ant zombie (D:6)
  8 adders
  A gnoll (D:1)
  A river rat (Sewer)
  2 oozes
  An adder skeleton (D:4)
  An adder zombie (D:8)
  4 worms
  4 leopard geckos
  44 orcs
  5 ball pythons
  6 giant cockroaches
  14 goblins
  2 hobgoblins
  10 jackals
  4 quokkas
  8 bats
  7 frilled lizards
  A jackal skeleton (D:5)
  12 kobolds
  A quokka skeleton (D:4)
  9 rats
228 creatures vanquished.

Vanquished Creatures (others)
  A slave (D:5)
  An adder (D:5)
  An orc (D:8)
  16 fungi (D:8)
  2 plants (D:8)
21 creatures vanquished.

Grand Total: 249 creatures vanquished

Notes
Turn   | Place    | Note
-------+----------+-------------------------------------------
     0 | D:1      | Fuzzwah the Minotaur Berserker began the quest for the Orb.
     0 | D:1      | Reached XP level 1. HP: 19/19 MP: 0/0
   306 | D:1      | Reached XP level 2. HP: 21/27 MP: 1/1
   325 | D:1      | Reached skill level 4 in Axes
  1097 | D:2      | Reached skill level 4 in Fighting
  1097 | D:2      | Reached XP level 3. HP: 33/33 MP: 2/2
  1304 | D:2      | Reached skill level 3 in Armour
  1947 | D:3      | Reached ** piety under Trog
  1977 | D:3      | Reached XP level 4. HP: 40/40 MP: 3/3
  2079 | D:3      | Reached skill level 3 in Dodging
  2081 | D:3      | Reached skill level 5 in Axes
  2085 | D:3      | Reached XP level 5. HP: 46/47 MP: 4/4
  2267 | D:3      | Reached *** piety under Trog
  2290 | D:3      | Gained mutation: Your magical capacity is low. (-10% MP)
                  | [potion of mutation]
  2290 | D:3      | Gained mutation: [Armour fits poorly on your strangely
                  | shaped body.] [potion of mutation]
  2290 | D:3      | Gained mutation: You are somewhat resistant to further
                  | mutation. [potion of mutation]
  2291 | D:3      | Lost mutation: Your magical capacity is low. (-10% MP)
                  | [potion of mutation]
  2291 | D:3      | Lost mutation: [Armour fits poorly on your strangely shaped
                  | body.] [potion of mutation]
  2291 | D:3      | Lost mutation: You are somewhat resistant to further
                  | mutation. [potion of mutation]
  2291 | D:3      | Gained mutation: You are clumsy. (Dex -2) [potion of
                  | mutation]
  2291 | D:3      | Gained mutation: You evolve. [potion of mutation]
  2291 | D:3      | Gained mutation: You expend magic power (3 MP) to
                  | strengthen your wands. [potion of mutation]
  2291 | D:3      | Gained mutation: You passively map a small area around you.
                  | [potion of mutation]
  2472 | D:4      | Noticed an ogre
  2476 | D:4      | Killed an ogre
  2476 | D:4      | Reached skill level 5 in Fighting
  2476 | D:4      | Reached skill level 6 in Axes
  2476 | D:4      | Reached skill level 4 in Armour
  2476 | D:4      | Reached XP level 6. HP: 56/56 MP: 5/5
  2663 | D:4      | Reached skill level 4 in Dodging
  2775 | D:4      | Found Yxueris's Weapon Boutique.
  2786 | D:4      | Reached XP level 7. HP: 61/61 MP: 6/6
  2935 | D:4      | Gained mutation: You have a somewhat thin skeletal
                  | structure. (Dex +2, Stealth) [evolution]
  3159 | D:5      | Entered Level 5 of the Dungeon
  3214 | D:5      | Reached skill level 7 in Axes
  3427 | D:5      | Noticed Menkaure
  3433 | D:5      | Killed Menkaure
  3433 | D:5      | Reached skill level 5 in Armour
  3462 | D:5      | Reached skill level 6 in Fighting
  3541 | D:5      | Noticed Pikel
  3552 | D:5      | Killed Pikel
  3552 | D:5      | Reached skill level 8 in Axes
  3552 | D:5      | Reached skill level 5 in Dodging
  3552 | D:5      | Reached XP level 8. HP: 71/71 MP: 7/7
  3588 | D:5      | Found a hazy altar of Hepliaklqana.
  3588 | D:5      | Found a blossoming altar of Fedhas.
  3591 | D:5      | Found a burning altar of Makhleb.
  3689 | D:5      | Noticed Prince Ribbit
  3703 | D:5      | Killed Prince Ribbit
  3703 | D:5      | Reached skill level 9 in Axes
  3703 | D:5      | Reached skill level 6 in Armour
  3780 | D:5      | Found a glowing drain.
  3800 | Sewer    | Entered a sewer
  3845 | Sewer    | Reached **** piety under Trog
  3859 | Sewer    | Reached skill level 7 in Fighting
  4194 | D:6      | Found a glowing silver altar of Zin.
  4194 | D:6      | Found a shadowy altar of Dithmenos.
  4214 | D:6      | Reached skill level 6 in Dodging
  4370 | D:6      | Noticed a hippogriff
  4379 | D:6      | Killed a hippogriff
  4379 | D:6      | Reached XP level 9. HP: 58/79 MP: 8/8
  4449 | D:6      | Reached skill level 10 in Axes
  4454 | D:6      | Reached skill level 7 in Armour
  4478 | D:6      | Found a white marble altar of Elyvilon.
  4771 | D:6      | Upgraded the game from 0.23-a0-860-g8ff03fb to
                  | 0.23-a0-896-g250879e
  4780 | D:7      | Noticed Dowan
  4781 | D:7      | Noticed Duvessa
  4786 | D:7      | Killed Dowan
  4791 | D:7      | Killed Duvessa
  4849 | D:7      | Reached skill level 8 in Fighting
  4863 | D:7      | Found a flagged portal.
  4868 | D:7      | Reached ***** piety under Trog
  4872 | Bailey   | Entered a bailey
  4895 | Bailey   | Gained mutation: You have an increased reservoir of magic.
                  | (+10% MP) [evolution]
  6312 | Bailey   | Reached skill level 7 in Dodging
  6388 | Bailey   | Reached skill level 11 in Axes
  6595 | Bailey   | Received a gift from Trog
  6715 | D:7      | Reached skill level 8 in Armour
  6763 | D:7      | Found a staircase to the Ecumenical Temple.
  6793 | D:7      | Noticed Joseph
  6801 | D:7      | Reached XP level 10. HP: 71/90 MP: 3/10
  6815 | D:7      | Killed Joseph
  6815 | D:7      | Reached skill level 9 in Fighting
  7190 | D:7      | Identified the Papyrus of the Burning Snowflakes
  7617 | D:4      | Bought a +2 battleaxe of flaming for 331 gold pieces
  7770 | D:8      | Reached skill level 12 in Axes
  7774 | D:8      | Noticed Harold
  7789 | D:8      | Killed Harold
  7789 | D:8      | Reached skill level 10 in Fighting
  7789 | D:8      | Reached skill level 8 in Dodging
  7789 | D:8      | Noticed Psyche
  7795 | D:8      | Cast into level 1 of the Abyss (Psyche)
  7795 | Abyss:1  | Found a corrupted altar of Lugonu.
  7796 | Abyss:1  | Upgraded the game from 0.23-a0-896-g250879e to 0.23-b1
  7840 | Abyss:1  | Noticed a wretched star
  7856 | Abyss:1  | Noticed a wretched star
  7896 | Abyss:1  | Reached skill level 9 in Armour
  7897 | Abyss:1  | HP: 33/139 [black mamba skeleton (3)]
  7905 | Abyss:1  | Killed a wretched star
  7911 | Abyss:1  | Killed a wretched star
  7927 | Abyss:1  | HP: 17/75 [demonic crawler (4)]
  7929 | Abyss:1  | HP: 8/75 [demonic crawler (1)]
  7931 | Abyss:1  | Slain by a demonic crawler

Skill      XL: |  1  2  3  4  5  6  7  8  9 10 |
---------------+-------------------------------+-----
Axes           | 4 5 6 8 9 11 12 | 12.9
Fighting       | 4 5 6 7 8 10 | 10.9
Armour         | 3 4 5 6 8 9 |  9.4
Dodging        | 3 4 5 6 7 8 |  8.6

Action                   |  1- 3 |  4- 6 |  7- 9 | 10-12 || total
-------------------------+-------+-------+-------+-------++-------
Melee: Hand axe          |    74 |    91 |   220 |       ||   385
       Headbutt          |    13 |    16 |    63 |    25 ||   117
       War axe           |       |       |    96 |    51 ||   147
       Battleaxe         |       |       |       |    56 ||    56
 Fire: Arbalest          |       |       |    66 |       ||    66
Invok: Berserk           |       |     4 |     5 |     3 ||    12
  Use: Scroll            |     9 |     1 |     6 |       ||    16
       Potion            |     4 |     3 |     1 |     5 ||    13
  Eat: Chunk             |     3 |     4 |    10 |     6 ||    23
       Ration            |       |     1 |     2 |       ||     3
Armor: Ring mail         |    28 |    36 |     5 |       ||    69
       Chain mail        |       |       |    85 |       ||    85
       Plate armour      |       |       |    99 |    62 ||   161
Dodge: Dodged            |    54 |    61 |   191 |    76 ||   382
Block: Other             |       |       |       |    16 ||    16
       Reflection        |       |       |       |     1 ||     1

Vault maps used:
D:1:      scummos_arrival_gate, serial_bayou, serial_bayou_lagoon_b,
          serial_bayou_crossing, serial_bayou_shore_a, serial_bayou_pond_a,
          minmay_misc_feat_ornament
D:3:      first_ration
D:4:      serial_shops, shop
D:5:      nicolae_overflow_hidden_temple, portal_sewer_entry_b, uniq_pikel,
          uniq_menkaure, uniq_prince_ribbit1
D:6:      chequers_temple_overflow_statue_of_worship, elyvilon_altar_3
D:7:      minmay_temple_entry_junction, enter_bailey_3, uniq_joseph,
          uniq_duvessa
D:8:      due_lair_maze_entry_diamond, the_bakery, uniq_harold, uniq_psyche
Abyss:1:  evilmike_abyss_exit_11
Sewer:    sewer_co_15_rooms
Bailey:   bailey_polearm_2, bailey

Table legend:
 A = Turns spent in this place as a percentage of turns spent in the entire game.
 B = Non-inter-level travel turns spent in this place as a percentage of non-inter-level travel turns spent in the entire game.
 C = Inter-level travel turns spent in this place as a percentage of turns spent in this place.
 D = Turns resting spent in this place as a percentage of non-inter-level travel turns spent in this place.
 E = Turns spent auto-exploring this place as a percentage of non-inter-level travel turns spent in this place.
 F = Non-inter-level travel turns spent in this place divided by the number of levels of this place that you've seen.
                   A       B       C       D       E      F
               +-------+-------+-------+-------+-------+----------------------
         Total | 100.0 | 100.0 |   5.1 |  22.3 |  53.7 | 684.2
       Dungeon |  72.6 |  71.1 |   7.0 |   6.5 |  72.8 | 668.9
         Abyss |   1.7 |   1.8 |   0.0 |  10.3 |   0.0 | 136.0
         Sewer |   3.6 |   3.7 |   0.0 |   0.0 |  50.4 | 282.0
        Bailey |  22.2 |  23.3 |   0.0 |  74.8 |   0.1 | 1757.0
               +-------+-------+-------+-------+-------+----------------------

Table legend:
 A = Kills in this place as a percentage of kills in entire the game.
 B = Kills by you in this place as a percentage of kills by you in the entire game.
 C = Kills by friends in this place as a percentage of kills by friends in the entire game.
 D = Other kills in this place as a percentage of other kills in the entire game.
 E = Experience gained in this place as a percentage of experience gained in the entire game.
 F = Experience gained in this place divided by the number of levels of this place that you have seen.
                   A       B       C       D       E      F
               +-------+-------+-------+-------+-------+----------------------
         Total | 100.0 | 100.0 |   N/A | 100.0 | 100.0 | 982.8
       Dungeon |  80.7 |  80.6 |   N/A | 100.0 |  66.6 | 900.6
         Abyss |   2.2 |   2.2 |   N/A |   0.0 |  19.7 | 2133.0
         Sewer |   7.5 |   7.5 |   N/A |   0.0 |   3.4 | 367.0
        Bailey |   9.6 |   9.7 |   N/A |   0.0 |  10.2 | 1106.0
               +-------+-------+-------+-------+-------+----------------------
